Map: [ESL] Goldenaura

Players

HeroMarine

  • Race: Terran Terran
  • Spawn Location: 12:00

Clem - Winner!

  • Race: Terran Terran
  • Spawn Location: 5:00

Event: ESL SC2 Masters 2024 Spring (Regional)

VOD

Have the link to the VOD?

Description

Time

  • Played on: May 4, 2024, 12:05 p.m.
  • Length: 7:51

All games in this series

Show
View Real Time Build Order
Export as new Build Order

HeroMarine Terran 

Build Orders: Cyclone Opening, Reaper Expand 

Get SALT Encoding   

  12  0:00  SCV  
  13  0:12  SCV  
  14  0:17  Supply Depot  
  14  0:24  SCV  
  15  0:39  SCV  
  15  0:40  Barracks  
  16  0:44  Refinery  
  16  0:51  SCV  
  17  1:03  SCV  
  18  1:15  SCV  
  19  1:27  Orbital Command, Reaper  
  20  1:43  Command Center  
  20  1:54  SCV  
  20  1:55  Supply Depot  
  20  1:59  Marine  
  22  2:06  SCV  
  23  2:10  Factory  
  23  2:17  Marine  
  23  2:18  SCV  
  23  2:22  Refinery  
  25  2:30  SCV  
  25  2:34  Marine  
  27  2:42  SCV  
  28  2:52  Marine  
  28  2:53  Cyclone  
  28  2:55  SCV, Orbital Command  
  32  2:59  Starport  
  32  3:07  SCV  
  32  3:10  Barracks Reactor  
  33  3:19  SCV  
  34  3:21  SCV  
  34  3:22  Supply Depot  
  34  3:26  Factory Tech Lab  
  35  3:31  SCV  
  35  3:32  Refinery  
  35  3:33  SCV  
  37  3:35  Viking  
  39  3:43  SCV  
  39  3:44  Siege Tank  
  39  3:45  SCV  
  39  3:47  Marine  
  39  3:48  Marine  
  46  3:55  SCV  
  46  3:57  SCV  
  46  4:01  Supply Depot  
  48  4:05  Marine x2  
  48  4:06  Starport Tech Lab  
  48  4:07  SCV  
  52  4:10  SCV  
  52  4:20  SCV, Siege Tank  
  52  4:22  SCV  
  53  4:32  SCV  
  53  4:34  SCV  
  53  4:44  SCV  
  54  4:46  Supply Depot, Viking x2  
  54  4:47  SCV  
  54  4:52  Siege Tank  
  62  4:55  Command Center  
  62  5:03  Refinery  
  62  5:04  Supply Depot  
  62  5:07  SCV x2, Marine  
  65  5:16  Viking x2  
  65  5:19  SCV  
  70  5:25  SCV, Siege Tank, Marine  
  70  5:28  Supply Depot  
  75  5:31  SCV  
  76  5:38  SCV  
  73  5:43  SCV  
  72  5:50  SCV  
  72  5:56  SCV  
  65  5:57  Viking x2  
  65  5:58  Siege Tank, Marine  
  65  6:02  SCV  
  73  6:08  SCV  
  73  6:10  Orbital Command  
  74  6:14  SCV  
  74  6:16  Marine  
  75  6:20  SCV  
  76  6:26  SCV  
  76  6:27  Viking x2  
  76  6:31  Siege Tank  
  76  6:32  SCV  
  83  6:38  SCV x2  
  85  6:42  Starport  
  85  6:44  SCV  
  85  6:46  Marine  
  87  6:50  SCV x2  
  89  6:56  SCV  
  89  6:58  Viking  
  89  6:59  Viking  
  93  7:02  SCV  
  93  7:04  Marine  
  92  7:08  SCV  
  80  7:18  Siege Tank  
  80  7:22  SCV x2  
  84  7:25  Marine  
  77  7:35  SCV x2  
Show
View Real Time Build Order
Export as new Build Order

Clem Terran - Winner!

Build Orders:  

Get SALT Encoding   

  12  0:00  SCV  
  13  0:12  SCV  
  14  0:16  Supply Depot  
  14  0:24  SCV  
  15  0:38  SCV, Barracks  
  16  0:43  Refinery  
  16  0:50  SCV  
  16  0:53  Refinery  
  17  1:02  SCV  
  18  1:14  SCV  
  19  1:26  Orbital Command, Reaper  
  19  1:29  Supply Depot  
  20  1:40  Factory  
  20  1:52  SCV  
  21  1:58  Reaper  
  22  2:04  SCV  
  23  2:15  Command Center  
  23  2:18  SCV  
  24  2:26  Hellion  
  26  2:30  SCV  
  26  2:34  Starport  
  27  2:38  Barracks Reactor  
  27  2:43  SCV  
  28  2:47  Factory Tech Lab  
  28  2:51  Supply Depot  
  28  2:55  SCV  
  29  3:07  SCV  
  30  3:13  Siege Tank  
  30  3:14  Marine x2  
  30  3:19  SCV, Medivac  
  38  3:23  Refinery  
  38  3:31  SCV  
  38  3:32  Marine x2  
  41  3:37  Orbital Command  
  41  3:42  Supply Depot  
  41  3:43  SCV  
  42  3:49  Cyclone  
  44  3:56  SCV  
  44  4:00  Marine  
  44  4:02  SCV  
  47  4:05  Viking  
  47  4:09  Viking  
  51  4:11  SCV  
  51  4:14  SCV  
  53  4:21  Marine  
  53  4:23  SCV  
  52  4:26  SCV  
  51  4:35  SCV, Siege Tank, Viking  
  57  4:38  SCV  
  57  4:39  Supply Depot, Marine  
  57  4:42  Viking  
  61  4:47  SCV  
  61  4:52  Supply Depot  
  62  4:58  Barracks Tech Lab  
  62  5:01  SCV x2  
  62  5:02  Supply Depot  
  62  5:03  Starport  
  64  5:07  Siege Tank  
  64  5:13  SCV  
  68  5:14  Viking  
  68  5:16  SCV  
  71  5:22  Viking  
  71  5:24  Marine  
  71  5:27  Supply Depot  
  74  5:29  Refinery  
  74  5:31  SCV  
  74  5:33  SCV  
  76  5:40  Viking  
  76  5:42  Marine  
  77  5:47  Siege Tank  
  76  5:53  SCV  
  73  5:57  Viking  
  73  5:59  Marine  
  73  6:06  Liberator  
  73  6:07  Command Center  
  73  6:09  SCV x2  
  78  6:17  Marine  
  79  6:20  Supply Depot  
  79  6:21  SCV  
  79  6:22  Liberator  
  79  6:23  SCV  
  83  6:31  Supply Depot  
  83  6:33  SCV, Siege Tank  
  83  6:35  Marine  
  83  6:36  SCV  
  89  6:45  SCV  
  90  6:47  Supply Depot  
  90  6:48  SCV  
  90  6:49  Liberator  
  90  6:53  Marine  
  95  6:57  SCV  
  95  7:00  SCV  
  97  7:06  Liberator  
  97  7:09  SCV  
  97  7:11  Marine  
  97  7:12  Viking  
  97  7:13  SCV  
  95  7:21  SCV  
  97  7:25  SCV  
  97  7:28  Supply Depot, Marine  
  95  7:33  SCV  
  95  7:36  Refinery  
  98  7:37  SCV  
  98  7:40  Refinery  
  95  7:45  Starport Tech Lab  
Tags
 
Add a new tag
Caveats
  • Supply blocks, unpowered buildings, or Contaminate may cause inaccurate times.
  • Supply counts are checked every 10 seconds.